 Dungeon Crawl Stone Soup version 0.19.0-11-g3fc08b3 (webtiles) character file.

118258 HungrySpirit the Executioner (level 16, -19/134 HPs)
             Began as a Hill Orc Gladiator on Nov 8, 2016.
             Was the Champion of Ru.
             Blown up by an orb spider (51 damage)
             ... with an orb of destruction
             ... on level 4 of the Spider Nest.
             The game lasted 01:17:39 (31868 turns).

HungrySpirit the Executioner (Hill Orc Gladiator)  Turns: 31868, Time: 01:17:40

Health: -19/134    AC:  6    Str: 23    XL:     16   Next: 76%
Magic:  5/7        EV: 12    Int: 11    God:    Ru [******]
Gold:   363        SH: 16    Dex: 18    Spells: 0 memorised, 15 levels left

rFire  + + +     SeeInvis .     a - +1 war axe (venom)
rCold  . . .     Gourm    +     y - +2 plate armour {MR+}
rNeg   . . .     Faith    .     H - +2 shield
rPois  +         Spirit   .     c - +1 helmet
rElec  .         Reflect  .     Y - +2 cloak of the Ban {rF+ MR+ MP-9 Dex+3}
rCorr  .         Harm     .     M - +0 pair of gloves "Ybbejeri" {Regen+}
MR     ++++.                    E - +3 pair of boots "Lousha" {Int+3}
Stlth  ..........               A - amulet of the gourmand
                                w - ring of protection from magic
                                v - ring "Ypoth" {rPois rF++ EV+3 Dex+4}

@: lethally poisoned (-19 -> -20), corroded, no scrolls
A: frail 1, screaming 1, weak 1, inability to read while threatened, no stealth,
no earth magic, no hexes magic, no translocations magic, inexperienced 1
a: Draw Out Power, Power Leap, Apocalypse, Renounce Religion


You were on level 4 of the Spider Nest.
You worshipped Ru.
Ru was exalted by your worship.
You were not hungry.

You visited 5 branches of the dungeon, and saw 28 of its levels.
You also visited: Labyrinth.

You collected 2158 gold pieces.
You spent 1795 gold pieces at shops.

Inventory:

Hand Weapons
 a - a +1 war axe of venom (weapon)
 P - a +0 war axe of freezing
Missiles
 i - 14 javelins (quivered)
Armour
 c - a +1 helmet (worn)
 u - a +0 plate armour of cold resistance
 y - a +2 plate armour of magic resistance (worn)
 E - the +3 pair of boots "Lousha" (worn) {Int+3}
   (You bought it in a shop on level 2 of the Orcish Mines)

   It affects your intelligence (+3).
 H - a +2 shield (worn)
 M - the +0 pair of gloves "Ybbejeri" (worn) {Regen+}
   (You bought it in a shop on level 2 of the Orcish Mines)

   It increases your rate of regeneration.
 Y - the +2 cloak of the Ban (worn) {rF+ MR+ MP-9 Dex+3}
   (You bought it in a shop on level 12 of the Dungeon)

   It affects your dexterity (+3).
   It protects you from fire.
   It affects your resistance to hostile enchantments.
   It affects your magic capacity (-9).
Jewellery
 p - an uncursed ring of resist corrosion
 v - the ring "Ypoth" (left hand) {rPois rF++ EV+3 Dex+4}
   (You took it off a minotaur in a labyrinth)

   [ring of evasion]

   It affects your evasion (+3).
   It affects your dexterity (+4).
   It greatly protects you from fire.
   It protects you from poison.
 w - a ring of protection from magic (right hand)
 A - an amulet of the gourmand (around neck)
 C - an uncursed ring of see invisible
 J - a +3 ring of dexterity
 Q - an uncursed ring of flight
Wands
 m - a wand of random effects (22/48)
 G - a wand of heal wounds (7/9)
 I - a wand of digging (13/24)
 K - a wand of enslavement (3/24)
 S - a wand of disintegration (7/24)
Scrolls
 b - 5 scrolls of recharging
 e - 13 scrolls of remove curse
 g - 4 scrolls of noise
 k - 4 scrolls of fear
 n - 8 scrolls of teleportation
 o - 5 scrolls of enchant armour
 r - 3 scrolls of immolation
 F - 5 scrolls of magic mapping
 T - a scroll of blinking
 W - a scroll of enchant weapon
Potions
 h - 5 potions of agility
 j - 3 potions of lignification
 t - 3 potions of flight
 x - 3 potions of cancellation
 z - 4 potions of heal wounds
 B - 6 potions of curing
 D - a potion of resistance
 L - a potion of berserk rage
 N - a potion of might
 O - 2 potions of beneficial mutation
 R - a potion of cure mutation
 V - 2 potions of magic
Comestibles
 d - 2 royal jellies
 f - 10 bread rations
 l - 15 beef jerkies
 q - 9 meat rations
 s - 22 fruits


   Skills:
 + Level 15.4 Fighting
 * Level 22.3 Axes
 - Level 1.7 Throwing
 + Level 13.4 Armour
 - Level 2.4 Dodging
 * Level 14.8 Shields


You had 15 spell levels left.
You didn't know any spells.

Dungeon Overview and Level Annotations

Branches:
Dungeon (15/15)            Temple (0/1) D:6            Lair (6/6) D:8
  Swamp (0/4) Lair:2       Spider (4/4) Lair:2          Orc (2/2) D:10
    Elf (1/3) Orc:2        Vaults (0/5) D:14         Depths (0/5) D:15
  Slime: Lair:5-6

Altars:
Ashenzari
Cheibriados
Dithmenos
Elyvilon
Fedhas
Kikubaaqudgha
Nemelex Xobeh
Qazlal
Ru
Sif Muna
Vehumet
Xom
Yredelemnul
Zin
The Shining One

Shops:
D:4 *   D:7 !   D:8 %   D:9 [   D:11 (   D:12 [   D:15 }*   Orc:2 ([*:!

Annotations:
D:9 5 exclusions
Orc:2 Mesmaeker13's ghost, adept OgFi


Innate Abilities, Weirdness & Mutations

You are frail. (-10% HP)
You occasionally shout uncontrollably at your foes.
You are weak. (Str -2)
You cannot read scrolls while threatened.
You cannot be stealthy.
You cannot study or cast Earth magic.
You cannot study or cast Hexes magic.
You cannot study or cast Translocations magic.
You are somewhat inexperienced. (-2 XL)


Message History

The orb spider is blasted.
This wand has 9 charges left.
You feel sick.
Evoke which item? (* to show all) (? for menu, Esc to quit)
Zapping:
S - a wand of disintegration (9/24)
Press: ? - help, Shift-Dir - straight line, f/p - orb spider
Aim: an orb spider (moderately wounded, chance to defeat MR: 48%)
The orb spider resists with some effort.
This wand has 8 charges left.
The orb spider spins a strand of pure energy.
Evoke which item? (* to show all) (? for menu, Esc to quit)
Zapping:
S - a wand of disintegration (8/24)
Press: ? - help, Shift-Dir - straight line, f/p - orb spider
Aim: an orb spider (moderately wounded, fully charged, chance to defeat MR: 48%)
The orb spider resists with some effort.
This wand has 7 charges left.
You feel sick.
The orb spider weaves a glowing orb of energy.
An orb of destruction comes into view.
You feel sick. The orb of destruction hits you!
You feel threatened and lose the ability to read scrolls!
You die...

##... ^...#
#...# #...#
#...# #...#
#..# ##†††#
#..###.s..#
###.....†§..#
##.......§####
#.....##.§#
##....##.@#
#........#
##...##...#
#....#....#
#........^#
#...##...##
#...##....#
##.......^#
##....##.^#


You could see an orb spider.

Vanquished Creatures
  Saint Roka (Orc:1)
  Arachne (Spider:3)
  Jorgrun (Spider:3)
  Kirke (D:13)
  An orc warlord (Orc:2)
  An emperor scorpion (Spider:2)
  An ironheart preserver (D:14)
  4 entropy weavers
  A stone giant (Orc:2)
  A spark wasp (Spider:2)
  A dire elephant (D:15)
  Azrael (Spider:1)
  A minotaur (Lab)
  2 hydras (Lair:2)
  A catoblepas (Lair:5)
  3 death yaks
  2 dancing weapons (D:14)
  A tengu warrior (D:14)
  5 orc high priests (Orc:2)
  Sonja (D:14)
  7 skeletal warriors
  3 unseen horrors
  3 hill giants
  3 wolf spider zombies
  Pikel (D:9)
  6 orc knights
  9 orb spiders
  4 cyclopes
  A deep elf mage (D:13)
  22 wolf spiders
  2 manticores
  4 orc sorcerers
  8 ugly things
  4 black mambas
  3 spiny frogs
  A naga mage (D:15)
  3 gargoyles
  A kobold demonologist (D:11)
  4 komodo dragons
  2 rime drakes
  10 demonic crawlers
  A tengu conjurer (D:14)
  5 trolls
  2 two-headed ogres
  26 jumping spiders
  3 hornets
  22 blink frogs
  12 dream sheep
  5 hippogriffs
  2 slime creatures (D:15)
  A shadow (D:15)
  45 redbacks
  3 fire elementals (Spider:2)
  2 wyverns
  2 wraiths (D:14)
  A vampire (D:12)
  3 basilisks
  17 tarantellas
  28 yaks
  8 hogs (D:13)
  4 hungry ghosts
  A soldier ant (D:13)
  2 mottled dragons
  A warg (Orc:2)
  14 water moccasins
  3 hell hounds
  A hornet zombie (D:8)
  6 porcupines
  51 orc warriors
  2 slaves (D:9)
  4 ice beasts
  4 black bears
  5 phantoms
  2 sky beasts
  An eye of draining (D:15)
  15 ogres
  7 centaurs
  6 big kobolds
  10 crocodiles
  17 bullfrogs
  5 scorpions
  13 killer bees
  5 wights (D:7)
  3 howler monkeys
  4 electric eels
  3 centaur zombies
  4 crimson imps
  28 orc priests
  3 jellies
  2 quasits
  5 hounds
  A centaur skeleton (D:5)
  Ijyb (D:2)
  3 iguanas
  35 orc wizards
  7 worker ants
  A killer bee zombie (D:10)
  A hound skeleton (D:11)
  A worker ant zombie (D:8)
  A howler monkey skeleton (D:9)
  14 gnolls
  13 adders
  A shadow imp (D:7)
  An adder zombie (D:6)
  2 dart slugs
  3 worms
  8 leopard geckos
  117 orcs
  4 ball pythons
  13 giant cockroaches
  3 hobgoblins
  10 jackals
  7 quokkas
  7 bats
  7 frilled lizards
  8 goblins
  2 goblin skeletons (D:9)
  A hobgoblin zombie (D:9)
  A jackal zombie (D:5)
  42 kobolds
  A kobold skeleton (D:9)
  A kobold zombie (D:9)
  An orc skeleton (D:9)
  2 orc zombies
  3 rats
  3 fungi
  2 plants
879 creatures vanquished.

Vanquished Creatures (others)
  An emperor scorpion (Spider:2)
  A hydra (Lair:6)
  An unseen horror (D:11)
  A wolf spider (Spider:2)
  An orb spider (Spider:1)
  A cyclops (D:15)
  A moth of wrath (Spider:4)
  A blink frog (Lair:2)
  A redback (Spider:1)
  A tarantella (Spider:1)
  A wyvern (Lair:2)
  An orc warrior (Orc:2)
  2 slaves (D:9)
  An ogre (Orc:2)
  A centaur (D:6)
  An electric eel (D:9)
  A jelly (D:10)
  2 orc wizards
  A worker ant (D:9)
  A hound zombie (D:9)
  An adder (D:9)
  An orc (Orc:1)
  A kobold (D:10)
  6 fungi
  12 plants
43 creatures vanquished.

Grand Total: 922 creatures vanquished

Notes
Turn   | Place    | Note
-------+----------+-------------------------------------------
     0 | D:1      | HungrySpirit the Hill Orc Gladiator began the quest for the Orb.
     0 | D:1      | Reached XP level 1. HP: 18/18 MP: 1/1
   195 | D:1      | Reached XP level 2. HP: 20/25 MP: 2/2
   475 | D:1      | Reached skill level 5 in Axes
   482 | D:1      | Reached XP level 3. HP: 26/30 MP: 3/3
   911 | D:2      | Found a sacrificial altar of Ru.
   932 | D:2      | Became a worshipper of Ru the Awakened
   981 | D:2      | Noticed Ijyb
   999 | D:2      | Killed Ijyb
   999 | D:2      | Reached skill level 6 in Axes
   999 | D:2      | Reached XP level 4. HP: 9/38 MP: 4/4
  1512 | D:3      | Found a snail-covered altar of Cheibriados.
  1775 | D:3      | Noticed a water moccasin
  1793 | D:3      | Killed a water moccasin
  1793 | D:3      | Reached skill level 7 in Axes
  1793 | D:3      | Reached XP level 5. HP: 36/47 MP: 5/5
  2187 | D:3      | Reached XP level 6. HP: 52/53 MP: 6/6
  2425 | D:3      | Gained mutation: You are frail. (-10% HP) [Ru sacrifice]
  2425 | D:3      | Reached * piety under Ru
  2771 | D:4      | Reached skill level 8 in Axes
  2778 | D:4      | Reached skill level 5 in Fighting
  2950 | D:4      | Found a sparkling altar of Nemelex Xobeh.
  3018 | D:4      | Found Mekk's Assorted Antiques.
  3166 | D:4      | Found a blossoming altar of Fedhas.
  3168 | D:4      | Found a stormy altar of Qazlal.
  3182 | D:4      | Reached skill level 1 in Armour
  3326 | D:4      | Reached XP level 7. HP: 28/54 MP: 7/7
  3679 | D:4      | Found an ancient bone altar of Kikubaaqudgha.
  3679 | D:4      | Found a faded altar of an unknown god.
  3684 | D:4      | Found a faded altar of an unknown god.
  3686 | D:4      | Found a faded altar of an unknown god.
  3688 | D:4      | Found a basalt altar of Yredelemnul.
  3897 | D:5      | Entered Level 5 of the Dungeon
  4101 | D:5      | Reached skill level 9 in Axes
  5073 | D:6      | Reached XP level 8. HP: 58/63 MP: 8/8
  5100 | D:6      | Reached skill level 10 in Axes
  5105 | D:6      | Identified the Handbook of Hexes and Poison
  5178 | D:6      | Gained mutation: You are somewhat inexperienced. (-2 XL) [Ru sacrifice]
  5178 | D:6      | Reached XP level 7. HP: 57/57 MP: 7/7
  5178 | D:6      | Reached XP level 6. HP: 52/52 MP: 6/6
  5178 | D:6      | Reached ** piety under Ru
  5195 | D:6      | Killed a sky beast
  5267 | D:6      | Reached XP level 7. HP: 57/57 MP: 7/7
  5362 | D:6      | Found a staircase to the Ecumenical Temple.
  5666 | D:6      | Reached skill level 11 in Axes
  5814 | D:7      | Found Pongo's Distillery.
  5893 | D:7      | Found a shimmering altar of Xom.
  5893 | D:7      | Found a glowing silver altar of Zin.
  5893 | D:7      | Noticed an angel
  5951 | D:7      | Reached XP level 8. HP: 64/65 MP: 8/8
  6288 | D:7      | Reached skill level 5 in Armour
  6692 | D:7      | Reached skill level 12 in Axes
  6939 | D:8      | Reached XP level 9. HP: 50/72 MP: 9/9
  7122 | D:8      | Found Huadeodgh's Food Shop.
  7485 | D:8      | Found a staircase to the Lair.
  7543 | D:8      | Gained mutation: You cannot read scrolls while threatened. [Ru sacrifice]
  7543 | D:8      | Reached *** piety under Ru
  7802 | D:9      | Reached skill level 13 in Axes
  7999 | D:9      | Noticed Pikel
  8018 | D:9      | Killed Pikel
  8100 | D:9      | Found Duezal's Antique Armour Shoppe.
  8255 | D:9      | Reached XP level 10. HP: 38/81 MP: 10/10
  8465 | D:9      | Reached skill level 14 in Axes
  8724 | D:9      | Found a glowing golden altar of the Shining One.
  8774 | D:9      | Found a shattered altar of Ashenzari.
  8951 | D:9      | Found a white marble altar of Elyvilon.
  9353 | D:10     | Entered Level 10 of the Dungeon
  9844 | D:10     | Found a deep blue altar of Sif Muna.
 10003 | D:10     | Gained mutation: You cannot study or cast Earth magic. [Ru sacrifice]
 10003 | D:10     | Gained mutation: You cannot study or cast Hexes magic. [Ru sacrifice]
 10003 | D:10     | Gained mutation: You cannot study or cast Translocations magic. [Ru sacrifice]
 10003 | D:10     | Reached **** piety under Ru
 10058 | D:10     | Reached skill level 10 in Fighting
 10073 | D:10     | Noticed a hill giant
 10082 | D:10     | Killed a hill giant
 10082 | D:10     | Reached skill level 15 in Axes
 10711 | D:10     | Found a staircase to the Orcish Mines.
 10731 | D:10     | Killed an unseen horror
 10731 | D:10     | Reached XP level 11. HP: 74/90 MP: 11/11
 10732 | D:10     | Noticed a manticore
 10762 | D:10     | Killed a manticore
 11279 | Lair:1   | Entered Level 1 of the Lair of Beasts
 11331 | Lair:1   | Found a labyrinth entrance.
 11348 | Lab      | Entered a labyrinth
 11856 | Lab      | Noticed a minotaur
 11867 | Lab      | Killed a minotaur
 11867 | Lab      | Reached skill level 16 in Axes
 11869 | Lab      | Got a fine steel ring
 12035 | Lab      | Identified the ring "Ypoth" {rPois rF++ EV+3 Dex+4} (You took it off a minotaur in a labyrinth)
 12366 | Lair:1   | Reached skill level 1 in Shields
 12372 | Lair:1   | Gained mutation: You are weak. (Str -2) [Ru sacrifice]
 12372 | Lair:1   | Reached ***** piety under Ru
 12973 | Lair:2   | Noticed a seven-headed hydra
 12980 | Lair:2   | Killed a seven-headed hydra
 13039 | Lair:2   | Noticed an eight-headed hydra
 13069 | Lair:2   | Killed an eight-headed hydra
 13069 | Lair:2   | Reached skill level 17 in Axes
 13069 | Lair:2   | Reached XP level 12. HP: 63/99 MP: 6/12
 13258 | Lair:2   | Found a shadowy altar of Dithmenos.
 13383 | Lair:2   | Reached skill level 5 in Shields
 13423 | Lair:2   | Found a staircase to the Swamp.
 13447 | Lair:2   | Found a hole to the Spider Nest.
 14242 | Lair:3   | Gained mutation: You cannot be stealthy. [Ru sacrifice]
 14294 | Lair:3   | Reached skill level 10 in Armour
 14951 | Lair:4   | Found a radiant altar of Vehumet.
 15488 | Lair:4   | Gained mutation: You occasionally shout uncontrollably at your foes. [Ru sacrifice]
 15488 | Lair:4   | Reached ****** piety under Ru
 15739 | Lair:5   | Noticed a death yak
 15750 | Lair:5   | Noticed a death yak
 15753 | Lair:5   | Noticed a death yak
 15774 | Lair:4   | Killed a death yak
 15774 | Lair:4   | Reached skill level 18 in Axes
 15781 | Lair:4   | Killed a death yak
 16006 | Lair:5   | Killed a death yak
 16006 | Lair:5   | Reached XP level 13. HP: 90/106 MP: 8/13
 16739 | Lair:6   | Entered Level 6 of the Lair of Beasts
 17596 | Lair:6   | Identified a scroll of acquirement
 17817 | Orc:1    | Entered Level 1 of the Orcish Mines
 18077 | Orc:2    | Entered Level 2 of the Orcish Mines
 18914 | Orc:2    | Noticed a stone giant
 18922 | Orc:2    | Killed a stone giant
 18940 | Orc:2    | Noticed Saint Roka
 19014 | Orc:1    | Killed Saint Roka
 19014 | Orc:1    | Reached skill level 19 in Axes
 19014 | Orc:1    | Reached skill level 10 in Shields
 19270 | Orc:1    | Reached XP level 14. HP: 66/116 MP: 14/14
 20023 | Orc:2    | Noticed Mesmaeker13's ghost (adept OgFi)
 20740 | Orc:2    | Noticed an orc warlord
 20779 | Orc:2    | Killed an orc warlord
 22563 | Orc:2    | Found Fothrastro's Distillery.
 22569 | Orc:2    | Found a staircase to the Elven Halls.
 22571 | Orc:2    | Bought a potion of agility for 48 gold pieces
 22725 | Elf:1    | Entered Level 1 of the Elven Halls
 22776 | Orc:2    | Found Ugur's Antique Armour Emporium.
 22777 | Orc:2    | Found Teygaf's Antique Weapon Emporium.
 22779 | Orc:2    | Found Ireur's General Store.
 22779 | Orc:2    | Found Imaob's Book Shoppe.
 22827 | Orc:2    | Bought a scroll of identify for 28 gold pieces
 22838 | Orc:2    | Bought a pair of pitted boots for 323 gold pieces
 22838 | Orc:2    | Bought a pair of crude gloves for 323 gold pieces
 22843 | Orc:2    | Identified the +3 pair of boots "Lousha" {Int+3} (You bought it in a shop on level 2 of the Orcish Mines)
 22853 | Orc:2    | Identified the +0 pair of gloves "Ybbejeri" {Regen+} (You bought it in a shop on level 2 of the Orcish Mines)
 22887 | Orc:2    | Bought a potion of heal wounds for 60 gold pieces
 22887 | Orc:2    | Bought a potion of curing for 36 gold pieces
 22887 | Orc:2    | Bought a potion of heal wounds for 60 gold pieces
 22887 | Orc:2    | Bought a potion of heal wounds for 60 gold pieces
 22887 | Orc:2    | Bought a potion of heal wounds for 60 gold pieces
 22887 | Orc:2    | Bought a potion of heal wounds for 60 gold pieces
 22887 | Orc:2    | Bought a potion of brilliance for 48 gold pieces
 23243 | D:11     | Found Linefoal's Antique Weapon Shoppe.
 23873 | D:12     | Reached skill level 20 in Axes
 24220 | D:12     | Found Kiqog's Antique Armour Shoppe.
 24228 | D:12     | Bought a translucent cloak for 247 gold pieces
 24229 | D:12     | Identified the +2 cloak of the Ban {rF+ MR+ MP-9 Dex+3} (You bought it in a shop on level 12 of the Dungeon)
 24706 | D:13     | Noticed Kirke
 24747 | D:13     | Killed Kirke
 25394 | D:14     | Noticed Sonja
 25448 | D:14     | Found a shattered altar of Ashenzari.
 25554 | D:14     | Killed Sonja
 25554 | D:14     | Reached XP level 15. HP: 124/124 MP: 6/15
 25884 | D:14     | Found a gate to the Vaults.
 26265 | D:15     | Entered Level 15 of the Dungeon
 26362 | D:15     | Found Kiaddeig's Pet Rocks.
 26386 | D:15     | Bought a wand of digging (13/24) for 442 gold pieces
 26543 | D:15     | Found a staircase to the Depths.
 26720 | D:15     | Found Alumemiz's Gadget Emporium.
 27610 | Spider:1 | Entered Level 1 of the Spider Nest
 27640 | Spider:1 | Reached skill level 21 in Axes
 27650 | Spider:1 | Paralysed by a hornet for 3 turns
 29227 | Spider:2 | Noticed Azrael
 29233 | Spider:1 | Killed Azrael
 29627 | Spider:2 | Reached XP level 16. HP: 118/132 MP: 7/16
 30481 | Spider:2 | Reached skill level 15 in Fighting
 31206 | Spider:3 | Noticed Jorgrun
 31221 | Spider:3 | Killed Jorgrun
 31221 | Spider:3 | Reached skill level 22 in Axes
 31268 | Spider:3 | Noticed Arachne
 31298 | Spider:3 | Killed Arachne
 31495 | Spider:4 | Entered Level 4 of the Spider Nest
 31868 | Spider:4 | Blown up by an orb spider

Skill      XL: |  1  2  3  4  5  6  7  8  9 10 11 12 13 14 15 16 |
---------------+-------------------------------------------------+-----
Axes           | 5 6 7 8 11 12 13 15 17 18 19 20 21 22 | 22.3
Fighting       | 3 4 5 7 8 9 10 11 12 13 14 15 | 15.4
Armour         | 1 4 5 6 8 9 10 11 12 13 | 13.4
Shields        | 4 7 10 12 13 14 | 14.8
Throwing       | |  1.7
Dodging        | |  2.4

Action                   |  1- 3 |  4- 6 |  7- 9 | 10-12 | 13-15 | 16-18 || total
-------------------------+-------+-------+-------+-------+-------+-------++-------
Melee: War axe           |   108 |   184 |   444 |   652 |  1708 |   345 ||  3441
Throw: Throwing net      |     2 |     4 |     1 |     1 |       |       ||     8
       Javelin           |       |       |    10 |       |     9 |       ||    19
Invok: Sacrifice Health  |       |     1 |       |       |       |       ||     1
       Sacrifice Experie |       |     1 |       |       |       |       ||     1
       Draw Out Power    |       |       |     1 |     1 |     3 |       ||     5
       Sacrifice Words   |       |       |     1 |       |       |       ||     1
       Power Leap        |       |       |       |     6 |    12 |     7 ||    25
       Sacrifice Arcana  |       |       |       |     1 |       |       ||     1
       Sacrifice Purity  |       |       |       |     2 |       |       ||     2
       Sacrifice Stealth |       |       |       |     1 |       |       ||     1
Evoke: Wand              |       |       |       |    10 |    16 |     4 ||    30
  Use: Potion            |       |     2 |     1 |     3 |     8 |     3 ||    17
       Scroll            |       |       |    14 |     9 |    12 |     2 ||    37
 Stab: Held in net/web   |     1 |       |     1 |     1 |       |       ||     3
       Distracted        |       |       |     3 |     3 |     7 |     3 ||    16
       Invisible         |       |       |     1 |     1 |    35 |     5 ||    42
       Paralysed         |       |       |       |       |    11 |       ||    11
  Eat: Chunk             |       |     6 |    26 |    23 |    52 |     2 ||   109
       Pizza             |       |     1 |       |       |       |     3 ||     4
Armor: Ring mail         |    40 |       |       |       |       |       ||    40
       Leather armour    |     2 |       |       |       |       |       ||     2
       Skin              |       |    11 |       |       |       |       ||    11
       Scale mail        |       |    61 |   136 |       |       |       ||   197
       Chain mail        |       |     4 |    32 |   101 |       |       ||   137
       Plate armour      |       |       |       |   172 |   505 |   220 ||   897
Dodge: Dodged            |    59 |   103 |   160 |   176 |   331 |   142 ||   971
Block: Shield            |       |       |       |   118 |   812 |   329 ||  1259
